 Dungeon Crawl Stone Soup version 0.26.0-11-g8f856b5395 (webtiles) character file.

Game seed: 5181751564124941149

471 runemasterragnar the Skirmisher (level 7, -18/108 HPs)
             Began as an Ogre Arcane Marksman on Jan 15, 2021.
             Killed from afar by an orc priest (42 damage)
             ... with an exploding inner flame
             ... on level 5 of the Dungeon.
             The game lasted 00:10:08 (5234 turns).

runemasterragnar the Skirmisher (OgAM)              Turns: 5234, Time: 00:10:08

Health: -18/108    AC:  5    Str: 17    XL:     7   Next: 9%
Magic:  11/11      EV: 10    Int: 14    God:
Gold:   239        SH:  0    Dex:  9    Spells: 6/12 levels left

rFire    . . .     SeeInvis .   b - +1 war axe (vorpal)
rCold    . . .     Faith    .   (no shield)
rNeg     . . .     Spirit   .   a - +0 robe
rPois    .         Reflect  .   (helmet restricted)
rElec    .         Harm     .   k - +1 cloak
rCorr    .         Rampage  .   (gloves unavailable)
Will     .....                  (boots unavailable)
Stlth    ..........             (no amulet)
HPRegen  0.28/turn              (no ring)
MPRegen  0.12/turn              (no ring)

@: berserking, very quick
A: large, unfitting armour, tough skin 1
a: no special abilities


You were on level 5 of the Dungeon.
You visited 1 branch of the dungeon, and saw 5 of its levels.

You collected 239 gold pieces.

Inventory:

Hand Weapons
 b - a +1 vorpal war axe (weapon)
 c - a +0 mace
Missiles
 e - 3 large rocks
 r - 15 poisoned darts (quivered)
Armour
 a - a +0 robe (worn)
 k - a +1 cloak (worn)
Wands
 s - a wand of random effects (17)
Scrolls
 f - a scroll of magic mapping
 i - a scroll of amnesia
 j - 3 scrolls of enchant armour
 l - a scroll of identify
 p - 2 scrolls of immolation
Potions
 d - a potion of resistance {unknown}
 g - a potion of haste
 h - a potion of curing
 n - a potion of flight
 o - a potion of heal wounds {unknown}
 q - a potion of mutation {unknown}


   Skills:
 * Level 5.3 Fighting
 + Level 3.2 Throwing
 + Level 2.9 Dodging
 - Level 3.0 Spellcasting
 + Level 3.7 Hexes
 + Level 1.7 Translocations


You had 6 spell levels left.
You knew the following spells:

 Your Spells              Type           Power        Failure   Level
a - Corona                Hex            13%          4%          1
b - Slow                  Hex            12%          7%          2
c - Portal Projectile     Hex/Tloc       18%          21%         3

Your spell library contained the following spells:

 Spells                   Type           Power        Failure   Level
 Inner Flame              Hex/Fire       7%           30%         3
 Cause Fear               Hex            6%           43%         4
 Leda's Liquefaction      Hex/Erth       3%           69%         4


Dungeon Overview and Level Annotations

Branches:
Dungeon (5/15)
 Temple: D:4-7

Altars:
Vehumet

Annotations:
D:3 1 runed translucent door, AlmostDecent's ghost, amateur GnFi


Innate Abilities, Weirdness & Mutations

You are too large for most types of armour.
You have tough skin. (AC +1)


Message History

You hear something mumble some strange prayers to Beogh against you.
Beogh smites you!
It was a potion of berserk rage.
A red film seems to cover your vision as you go berserk!
You feel yourself moving faster!
You feel mighty! The adder closely misses you.
You hear something call down the wrath of Beogh upon you.
Something tries to affect you, but you resist.
The orc hits you but does no damage.
You slash the adder! You slash something!
Flame seeps out of something. x2
The adder explodes!
The fiery explosion engulfs something!!
Reactivating autopickup.
You feel a bit more experienced.
The fiery explosion engulfs the orc!!!
The fiery explosion engulfs you!!
* * * LOW HITPOINT WARNING * * *
The fiery explosion engulfs the leopard gecko!!!
The fiery explosion engulfs something!!
You feel a bit more experienced.
The orc priest explodes!
The fiery explosion engulfs you!!!
You die...

#### ...# ######### ...#
.......# ...# ......#
...# .....# ...# ....#
...# §§§
...#############§####+###
...............§@○§......
................§)§......
.........................
.#######.................
.# #................. .#
#................. ##
################## # #


There were no monsters in sight!

Vanquished Creatures
  An ice beast (D:4)
  A howler monkey (D:4)
  A hound (D:2)
  2 orc priests
  3 orc wizards
  Jessica (D:3)
  4 gnolls (D:3)
  8 adders
  An adder skeleton (D:5)
  A worm (D:4)
  2 dart slugs
  3 leopard geckos
  12 orcs
  3 ball pythons
  5 giant cockroaches
  7 goblins
  4 hobgoblins
  4 jackals (D:2)
  9 bats
  6 frilled lizards
  6 kobolds
  10 rats
94 creatures vanquished.

Vanquished Creatures (others)
  A kobold (D:2)
1 creature vanquished.

Grand Total: 95 creatures vanquished

Notes
Turn   | Place    | Note
-------+----------+-------------------------------------------
     0 | D:1      | runemasterragnar the Ogre Arcane Marksman began the quest
                  | for the Orb.
     0 | D:1      | Reached XP level 1. HP: 19/19 MP: 2/2
   156 | D:1      | Reached skill level 2 in Fighting
   156 | D:1      | Reached XP level 2. HP: 28/28 MP: 2/4
  1024 | D:1      | Reached XP level 3. HP: 12/36 MP: 3/5
  2226 | D:2      | Reached skill level 3 in Fighting
  2356 | D:2      | Reached XP level 4. HP: 32/45 MP: 6/6
  2664 | D:2      | Learned a level 2 spell: Slow
  2668 | D:2      | Learned a level 3 spell: Portal Projectile
  2855 | D:2      | Found a radiant altar of Vehumet.
  3193 | D:3      | Reached XP level 5. HP: 52/54 MP: 4/8
  3463 | D:3      | Reached skill level 4 in Fighting
  3463 | D:3      | Reached skill level 1 in Translocations
  3783 | D:3      | Noticed Jessica
  3792 | D:3      | Killed Jessica
  3793 | D:3      | Reached XP level 6. HP: 43/63 MP: 9/9
  4135 | D:3      | Found a runed translucent door.
  4135 | D:3      | Noticed AlmostDecent's ghost (amateur GnFi)
  4412 | D:4      | Reached skill level 5 in Fighting
  4588 | D:4      | Noticed an ice beast
  4597 | D:4      | Killed an ice beast
  4598 | D:4      | Reached XP level 7. HP: 72/72 MP: 7/11
  5096 | D:5      | Entered Level 5 of the Dungeon
  5234 | D:5      | Killed from afar by an orc priest

Illustrated notes

Levels and vault maps discovered:
D:1:      dpeg_arrival_more_subterranean_lakeside_camping, layout_basic
D:2:      cheibrodos_helix_gallery, layout_basic, fiery_altar_vehumet
D:3:      layout_basic, ebering_ghost_reflecting_pool, uniq_jessica
D:4:      wander_river, layout_cave_pools, minmay_misc_feat_iff,
          hangedman_feature_mirror, kennysheep_generic_room_11
D:5:      layout_gridville, temple_green

Skill      XL: |  1  2  3  4  5  6 |
---------------+-------------------+-----
Fighting       | 2 3 4 5 |  5.3
Dodging        | 2 |  2.9
Hexes          | 3 |  3.7
Spellcasting   | 2 3 |  3.0
Translocations | 1 |  1.7
Throwing       | 3 |  3.2

Action                   |  1- 3 |  4- 6 |  7- 9 || total
-------------------------+-------+-------+-------++-------
Melee: Club              |    97 |    44 |       ||   141
       Unarmed           |     2 |     9 |       ||    11
       War axe           |       |    58 |    24 ||    82
       Mace              |       |    13 |       ||    13
Throw: Large rock        |    35 |    19 |       ||    54
       Throwing net      |     2 |     1 |       ||     3
       Dart              |       |       |     2 ||     2
 Cast: Corona            |    51 |    17 |       ||    68
       Slow              |       |     4 |       ||     4
       Portal Projectile |       |     1 |       ||     1
Evoke: Wand              |       |       |     6 ||     6
  Use: Scroll            |     3 |     5 |     1 ||     9
       Potion            |       |     3 |     1 ||     4
Armor: Robe              |    69 |    45 |    14 ||   128
       Skin              |       |     6 |       ||     6
Dodge: Dodged            |    92 |   100 |    20 ||   212
